 Dungeon Crawl Stone Soup version 0.30-a0-166-g5d06c95188 (webtiles) character file.

Game seed: 4501037223130808404

6024 qw the Cleaver (level 10, 0/64 HPs)
             Began as a Gargoyle Fighter on Sept 28, 2022.
             Was a Priest of Okawaru.
             Killed from afar by an oklob plant (23 damage)
             ... with a splash of acid
             ... on level 1 of the Lair of Beasts.
             The game lasted 00:03:17 (8597 turns).

qw the Cleaver (Gargoyle Fighter)                   Turns: 8597, Time: 00:03:18

Health: 0/64       AC: 20    Str: 25    XL:     10   Next: 86%
Magic:  11/13      EV:  9    Int:  8    God:    Okawaru [***...]
Gold:   937        SH:  6    Dex:  9    Spells: 9/9 levels left

rFire   . . .      SeeInvis .    Y - +5 war axe (elec)
rCold   . . .      Faith    .    c - +0 buckler
rNeg    + + .      Spirit   .    r - +3 plate armour
rPois   inf        Reflect  .    (no helmet)
rElec   +          Harm     .    (no cloak)
rCorr   .          Rampage  .    l - +0 pair of gloves
Will    .....                    h - +0 pair of boots
Stlth   ..........               (no amulet)
HPRegen 0.20/turn                i - ring of positive energy
MPRegen 0.13/turn                e - +4 ring of slaying {mikee}

@: heroic, corroded
A: sickness immunity, AC +7, negative energy resistance 1, electricity
resistance, torment resistance 1, petrification resistance
a: Renounce Religion, Heroism


You were on level 1 of the Lair of Beasts.
You worshipped Okawaru.
Okawaru was most pleased with you.
You visited 3 branches of the dungeon, and saw 10 of its levels.

You collected 1298 gold pieces.
You spent 361 gold pieces at shops.


Innate Abilities, Weirdness & Mutations

You are immune to sickness and miasma.
Your stone body is resilient. (AC +7)
You are immune to poison.
You resist negative energy. (rN+)
You are resistant to electric shocks. (rElec)
You are resistant to unholy torment.
You are immune to petrification.


   Skills:
 - Level 8.1(13.1) Fighting
 + Level 10.9(15.9) Axes
 - Level 1.1(6.1) Throwing
 - Level 7.3(12.3) Armour
 - Level 1.7(6.7) Dodging
 - Level 5.0(10.0) Shields
 - Level 4.4 Invocations


You had 9 spell levels left.
You didn't know any spells.
Your spell library was empty.

Inventory:

Hand Weapons
 s - a +1 demon whip of venom
 Y - a +5 war axe of electrocution (weapon)
Missiles
 o - 16 boomerangs (quivered)
Armour
 c - a +0 buckler (worn)
 h - a +0 pair of boots (worn)
 l - a +0 pair of gloves (worn)
 r - a +3 plate armour (worn)
 v - the +2 scale mail of Qovitad {rElec rC+++ Str-5 Int-5}
   (You found it on level 4 of the Dungeon)

   Str:       It affects your strength (-5).
   Int:       It affects your intelligence (-5).
   rC:        It renders you almost immune to cold.
   rElec:     It insulates you from electricity.
Jewellery
 e - a +4 ring of slaying (right hand) {mikee}
 i - a ring of positive energy (left hand)
Scrolls
 a - 3 scrolls of teleportation
 g - a scroll of summoning {unknown}
 p - 3 scrolls of identify
Potions
 b - 2 potions of cancellation
 d - 2 potions of might
 f - 2 potions of lignification
 j - 6 potions of heal wounds
 k - a potion of resistance
 m - 3 potions of attraction
 n - 2 potions of haste
 q - a potion of mutation

Dungeon Overview and Level Annotations

Branches:
Dungeon (8/15)             Temple (1/1) D:6            Lair (1/5) D:8

Altars:
Ashenzari
Dithmenos
Elyvilon
Fedhas
Gozag
Kikubaaqudgha
Makhleb
Nemelex Xobeh
Okawaru
Qazlal
Ru
Sif Muna
Trog
Uskayaw
Vehumet
Wu Jian
Xom
Yredelemnul
Zin
The Shining One

Shops:
D:6 ![   D:8 *

Annotations:
D:7 2 transporters
D:8 2 transporters


Message History

o - 16 boomerangs (gained 6)
An oklob plant comes into view.
Found a glowing silver altar of Zin.
Enter note:
8591 ||| INVOKING Heroism.
You gain the combat prowess of a mighty hero.
The oklob plant spits acid at you. The splash of acid hits you!
The acid corrodes you!
There is a glowing silver altar of Zin here.
Press < or > to pray at altars.
Press < or > to pray at altars.
Press < or > to pray at altars.
Press < or > to pray at altars.
You hit the oklob plant but do no damage.
You hit the plant.
The plant begins to die.
You slash the plant!
The plant begins to die.
You slash the plant!
The plant begins to die.
Press < or > to pray at altars.
Press < or > to pray at altars.
Press < or > to pray at altars.
Press < or > to pray at altars.
You slash the oklob plant!
The oklob plant is lightly damaged.
You slice the plant!! You slash the plant! Lightning courses through the plant!
You slice the plant!! The oklob plant spits acid at you.
The splash of acid hits you!! The acid corrodes you!
Press < or > to pray at altars.
Press < or > to pray at altars.
Press < or > to pray at altars.
Press < or > to pray at altars.
You slash the oklob plant!
The oklob plant is moderately damaged.
You hit the plant. Lightning courses through the plant!!
You slash the plant! x2
Press < or > to pray at altars.
Press < or > to pray at altars.
Press < or > to pray at altars.
Press < or > to pray at altars.
You hit the oklob plant.
The oklob plant is heavily damaged.
You slash the plant! x2; You hit the plant.
The oklob plant spits acid at you. The splash of acid hits you!!
You die...

.......................
.....
.......................
.....
...................... .
.....
..................... ..
.....
#.###P.......####.P#....
#.### #.
##.......####.##... #.
#+ #.......##........
#.......#..P.##
#........#P@P#
#..........P.#
#.......##...#
#.......#P.###
#.......##.#
.............
##P########## ##


You could see an oklob plant.

Vanquished Creatures
  Amaemon (D:8)
  An orange demon (D:8)
  A black mamba (Lair:1)
  2 cane toads (Lair:1)
  Grinder (D:3)
  Prince Ribbit (D:7)
  2 basilisks (Lair:1)
  2 water moccasins (Lair:1)
  Pargi (D:3)
  2 black bears
  An ice beast (D:5)
  An orc warrior (D:6)
  A sky beast (D:6)
  4 ogres
  2 centaurs
  Blork the orc (D:5)
  A kobold brigand (D:6)
  2 phantoms (D:5)
  7 bullfrogs
  2 necrophages
  A gnoll sergeant (D:7)
  4 scorpions
  4 wights (D:7)
  2 howler monkeys
  A crimson imp (D:6)
  4 orc priests
  A gnoll bouda (D:6)
  6 hounds
  4 jellies
  Jessica (D:2)
  An iguana (D:5)
  Terence (D:3)
  2 orc wizards
  11 gnolls
  11 adders
  2 white imps
  A worm (D:3)
  3 dart slugs
  36 orcs
  11 ball pythons
  4 endoplasms
  5 giant cockroaches
  7 goblins
  9 hobgoblins
  21 jackals
  14 kobolds
  4 quokkas
  7 bats
  3 frilled lizards
  5 rats
222 creatures vanquished.

Notes
Turn   | Place    | Note
-------+----------+-------------------------------------------
     0 | D:1      | qw the Gargoyle Fighter began the quest for the Orb.
     0 | D:1      | Reached XP level 1. HP: 14/14 MP: 1/1
     0 | D:1      | 0 ||| qw: Version: 0.2-a-12-gaebbb33
     0 | D:1      | 0 ||| qw: Game counter: 960
     0 | D:1      | 0 ||| qw: Always use a shield: true
     0 | D:1      | 0 ||| qw: God list: Okawaru
     0 | D:1      | 0 ||| qw: Allow faded altars: false
     0 | D:1      | 0 ||| qw: Do Orc after D:15 true
     0 | D:1      | 0 ||| qw: Do second Lair branch before Depths: true
     0 | D:1      | 0 ||| qw: Lair rune preference: random
     0 | D:1      | 0 ||| qw: Plans: Normal, Zot:1-4, God:TSO, Crypt, Tomb,
                  | Pan, Slime:5, Hells, Abyss, Orb
     0 | D:1      | 0 ||| PLANNING D:1-11
    24 | D:1      | Reached skill level 2 in Axes
    96 | D:1      | Reached XP level 2. HP: 19/19 MP: 2/2
   449 | D:1      | 449 ||| Stepping ~*~*~tactically~*~*~ (hiding).
   571 | D:1      | Reached skill level 3 in Axes
   577 | D:1      | Reached XP level 3. HP: 17/23 MP: 3/3
   696 | D:1      | 696 ||| Stepping ~*~*~tactically~*~*~ (stealth).
  1075 | D:1      | 1075 ||| DROPPING +0 club.
  1184 | D:1      | 1184 ||| UPGRADING to ring of positive energy.
  1185 | D:1      | 1185 ||| READING scroll labelled CULYRH ATUTAE.
  1188 | D:1      | 1188 ||| READING scroll labelled UPILIQ KODWEPS.
  1189 | D:1      | 1189 ||| READING scroll labelled PEPISTR AMUZATH.
  1190 | D:1      | 1190 ||| READING 3 scrolls labelled MOMAETESAJ.
  1191 | D:1      | 1191 ||| READING 2 scrolls of enchant weapon.
  1191 | D:1      | 1191 ||| ENCHANTING +1 war axe.
  1192 | D:1      | 1192 ||| READING scroll of enchant weapon.
  1192 | D:1      | 1192 ||| ENCHANTING +2 war axe.
  1193 | D:1      | 1193 ||| READING scroll labelled EMEKKUXIMP.
  1194 | D:1      | 1194 ||| READING scroll labelled URETEAZEST.
  1195 | D:1      | 1195 ||| DRINKING 2 brown potions.
  1304 | D:2      | 1304 ||| Stepping ~*~*~tactically~*~*~ (hiding).
  1307 | D:2      | 1307 ||| Stepping ~*~*~tactically~*~*~ (hiding).
  1310 | D:2      | 1310 ||| Stepping ~*~*~tactically~*~*~ (hiding).
  1417 | D:2      | 1417 ||| Stepping ~*~*~tactically~*~*~ (stealth).
  1421 | D:2      | 1421 ||| Stepping ~*~*~tactically~*~*~ (stealth).
  1540 | D:2      | 1540 ||| Stepping ~*~*~tactically~*~*~ (stealth).
  1555 | D:2      | Reached XP level 4. HP: 28/28 MP: 4/4
  1630 | D:2      | Reached skill level 4 in Axes
  1698 | D:2      | Found a faded altar of an unknown god.
  1723 | D:2      | Noticed Jessica
  1725 | D:2      | Killed Jessica
  1812 | D:2      | 1812 ||| Stepping ~*~*~tactically~*~*~ (stealth).
  1889 | D:2      | 1889 ||| Stepping ~*~*~tactically~*~*~ (stealth).
  1982 | D:2      | Reached XP level 5. HP: 32/32 MP: 5/5
  1990 | D:2      | 1990 ||| Stepping ~*~*~tactically~*~*~ (stealth).
  1992 | D:2      | 1992 ||| Stepping ~*~*~tactically~*~*~ (stealth).
  2324 | D:2      | 2324 ||| UPGRADING to +4 ring of slaying {mikee}.
  2325 | D:2      | 2325 ||| READING scroll labelled USTROF YLUADAKI.
  2370 | D:2      | 2370 ||| READING scroll labelled QAOKLA SOSCH.
  2371 | D:2      | 2371 ||| READING scroll labelled HUITAOPLITT.
  2372 | D:2      | 2372 ||| READING scroll labelled OSYIHA UCATHRUOCS.
  2411 | D:3      | Noticed Terence
  2417 | D:3      | Killed Terence
  2512 | D:3      | Reached skill level 5 in Axes
  2518 | D:3      | 2518 ||| Stepping ~*~*~tactically~*~*~ (stealth).
  2519 | D:3      | 2519 ||| Stepping ~*~*~tactically~*~*~ (stealth).
  2619 | D:3      | 2619 ||| DROPPING +0 whip.
  2678 | D:3      | Noticed Pargi
  2693 | D:3      | Killed Pargi
  2694 | D:3      | Reached XP level 6. HP: 18/39 MP: 6/6
  3101 | D:3      | 3101 ||| Stepping ~*~*~tactically~*~*~ (stealth).
  3116 | D:3      | Reached skill level 1 in Dodging
  3181 | D:3      | Noticed Grinder
  3195 | D:3      | 3195 ||| Stepping ~*~*~tactically~*~*~ (hiding).
  3200 | D:3      | Killed Grinder
  3201 | D:3      | Reached skill level 6 in Axes
  3201 | D:3      | Reached XP level 7. HP: 44/44 MP: 7/7
  3400 | D:3      | 3400 ||| UPGRADING to +0 chain mail.
  3410 | D:3      | 3410 ||| DROPPING +0 scale mail.
  3411 | D:3      | 3411 ||| UPGRADING to +0 plate armour.
  3421 | D:3      | 3421 ||| DROPPING +0 chain mail.
  3422 | D:3      | 3422 ||| DROPPING +2 robe of fire resistance.
  3423 | D:3      | 3423 ||| READING 2 scrolls of enchant armour.
  3423 | D:3      | 3423 ||| ENCHANTING +0 plate armour.
  3424 | D:3      | 3424 ||| READING scroll of enchant armour.
  3424 | D:3      | 3424 ||| ENCHANTING +1 plate armour.
  3425 | D:3      | 3425 ||| DRINKING 2 smoky orange potions.
  3426 | D:3      | 3426 ||| DRINKING 2 sapphire potions.
  3427 | D:3      | 3427 ||| READING 2 scrolls of identify.
  3427 | D:3      | 3427 ||| IDENTIFYING bubbling sapphire potion
  3715 | D:4      | Identified the +2 scale mail of Qovitad {rElec rC+++ Str-5
                  | Int-5}
  3778 | D:4      | 3778 ||| Stepping ~*~*~tactically~*~*~ (stealth).
  3923 | D:4      | 3923 ||| Stepping ~*~*~tactically~*~*~ (stealth).
  4001 | D:4      | Reached skill level 7 in Axes
  4098 | D:4      | Reached XP level 8. HP: 49/49 MP: 8/8
  4259 | D:4      | 4259 ||| Stepping ~*~*~tactically~*~*~ (hiding).
  4260 | D:4      | 4260 ||| Stepping ~*~*~tactically~*~*~ (hiding).
  4353 | D:4      | 4353 ||| READING scroll of enchant weapon.
  4353 | D:4      | 4353 ||| ENCHANTING +3 war axe.
  4396 | D:4      | 4396 ||| DROPPING ring of magical power.
  4397 | D:4      | 4397 ||| DROPPING ring of wizardry.
  4398 | D:4      | 4398 ||| READING scroll labelled MOKONN WOAPP.
  4399 | D:4      | 4399 ||| READING scroll labelled KAGOIMMIRAH.
  4400 | D:4      | 4400 ||| READING scroll labelled QULACKA LODUU.
  4401 | D:4      | 4401 ||| DRINKING 2 bubbling purple potions.
  4402 | D:4      | 4402 ||| READING 3 scrolls of identify.
  4402 | D:4      | 4402 ||| IDENTIFYING murky yellow potion
  4403 | D:4      | 4403 ||| READING 2 scrolls of identify.
  4403 | D:4      | 4403 ||| IDENTIFYING yellow potion
  4404 | D:4      | 4404 ||| DROPPING potion of brilliance.
  4405 | D:4      | 4405 ||| DROPPING potion of degeneration.
  4464 | D:5      | Entered Level 5 of the Dungeon
  4467 | D:5      | 4467 ||| STAIRDANCE
  4534 | D:5      | Reached skill level 8 in Axes
  4646 | D:5      | Reached skill level 6 in Fighting
  4779 | D:5      | 4779 ||| DROPPING +1 mace of draining.
  4962 | D:5      | Reached XP level 9. HP: 55/55 MP: 9/9
  5079 | D:5      | 5079 ||| READING scroll of enchant armour.
  5079 | D:5      | 5079 ||| ENCHANTING +2 plate armour.
  5089 | D:5      | Reached skill level 9 in Axes
  5231 | D:5      | Noticed Blork the orc
  5232 | D:5      | 5232 ||| Stepping ~*~*~tactically~*~*~ (hiding).
  5234 | D:5      | 5234 ||| Stepping ~*~*~tactically~*~*~ (hiding).
  5241 | D:5      | Killed Blork the orc
  5337 | D:5      | 5337 ||| UPGRADING to +0 pair of boots.
  5342 | D:5      | 5342 ||| READING scroll labelled GOBREYRUDU.
  5343 | D:5      | 5343 ||| DRINKING 2 fuming white potions.
  5344 | D:5      | 5344 ||| READING 2 scrolls of identify.
  5344 | D:5      | 5344 ||| IDENTIFYING amethyst potion
  5345 | D:5      | 5345 ||| DROPPING potion of magic.
  5454 | D:6      | 5454 ||| Stepping ~*~*~tactically~*~*~ (hiding).
  5456 | D:6      | 5456 ||| DRINKING potion of curing.
  5456 | D:6      | 5456 ||| (to cure confusion)
  5763 | D:6      | 5763 ||| Stepping ~*~*~tactically~*~*~ (hiding).
  5866 | D:6      | Found a radiant altar of Vehumet.
  5944 | D:6      | 5944 ||| Stepping ~*~*~tactically~*~*~ (stealth).
  5954 | D:6      | 5954 ||| Stepping ~*~*~tactically~*~*~ (stealth).
  5959 | D:6      | 5959 ||| Stepping ~*~*~tactically~*~*~ (stealth).
  5984 | D:6      | Found Juilait's Distillery.
  6042 | D:6      | 6042 ||| BUYING 2 potions of haste (240 gold).
  6042 | D:6      | Bought 2 potions of haste for 240 gold pieces
  6042 | D:6      | 6042 ||| BUYING potion of cancellation (96 gold).
  6042 | D:6      | Bought a potion of cancellation for 96 gold pieces
  6042 | D:6      | 6042 ||| SHOPLISTING potion of curing (36 gold, have 21).
  6042 | D:6      | 6042 ||| SHOPLISTING potion of might (48 gold, have 21).
  6058 | D:6      | 6058 ||| Stepping ~*~*~tactically~*~*~ (hiding).
  6059 | D:6      | 6059 ||| Stepping ~*~*~tactically~*~*~ (hiding).
  6066 | D:6      | 6066 ||| Stepping ~*~*~tactically~*~*~ (stealth).
  6073 | D:6      | 6073 ||| Stepping ~*~*~tactically~*~*~ (stealth).
  6075 | D:6      | 6075 ||| Stepping ~*~*~tactically~*~*~ (stealth).
  6079 | D:6      | 6079 ||| Stepping ~*~*~tactically~*~*~ (stealth).
  6087 | D:6      | 6087 ||| Stepping ~*~*~tactically~*~*~ (stealth).
  6088 | D:6      | 6088 ||| Stepping ~*~*~tactically~*~*~ (stealth).
  6106 | D:6      | 6106 ||| Stepping ~*~*~tactically~*~*~ (hiding).
  6119 | D:6      | Reached skill level 6 in Armour
  6180 | D:6      | Found a staircase to the Ecumenical Temple.
  6181 | D:6      | 6181 ||| PLANNING TEMPLE
  6181 | D:6      | 6181 ||| UPGRADING to +0 pair of gloves.
  6186 | D:6      | 6186 ||| READING 2 scrolls of identify.
  6186 | D:6      | 6186 ||| IDENTIFYING fuming ruby potion
  6195 | Temple   | Entered the Ecumenical Temple
  6196 | Temple   | 6196 ||| PLANNING OKAWARU WORSHIP
  6250 | Temple   | Became a worshipper of Warmaster Okawaru
  6251 | Temple   | 6251 ||| PLANNING D:1-11
  6330 | D:6      | Found a burning altar of Makhleb.
  6330 | D:6      | Found a shimmering altar of Xom.
  6362 | D:6      | 6362 ||| Stepping ~*~*~tactically~*~*~ (stealth).
  6363 | D:6      | 6363 ||| Stepping ~*~*~tactically~*~*~ (stealth).
  6364 | D:6      | 6364 ||| Stepping ~*~*~tactically~*~*~ (stealth).
  6404 | D:6      | Reached skill level 1 in Throwing
  6409 | D:6      | Found Inayn's Antique Armour Shop.
  6605 | D:7      | Found a white marble altar of Elyvilon.
  6667 | D:7      | 6667 ||| Stepping ~*~*~tactically~*~*~ (stealth).
  6671 | D:7      | 6671 ||| FLEEEEING.
  6673 | D:7      | 6673 ||| FLEEEEING.
  6674 | D:7      | 6674 ||| FLEEEEING.
  6675 | D:7      | 6675 ||| FLEEEEING.
  6676 | D:7      | 6676 ||| FLEEEEING.
  6677 | D:7      | 6677 ||| FLEEEEING.
  6678 | D:7      | 6678 ||| FLEEEEING.
  6679 | D:7      | 6679 ||| FLEEEEING.
  6680 | D:7      | 6680 ||| FLEEEEING.
  6681 | D:7      | 6681 ||| FLEEEEING.
  6682 | D:7      | 6682 ||| FLEEEEING.
  6683 | D:7      | 6683 ||| FLEEEEING.
  6684 | D:7      | 6684 ||| FLEEEEING.
  6685 | D:7      | 6685 ||| FLEEEEING.
  6686 | D:7      | 6686 ||| FLEEEEING.
  6687 | D:7      | 6687 ||| FLEEEEING.
  6688 | D:7      | 6688 ||| FLEEEEING.
  6689 | D:7      | 6689 ||| FLEEEEING.
  6690 | D:7      | 6690 ||| FLEEEEING.
  6691 | D:7      | 6691 ||| FLEEEEING.
  6692 | D:7      | 6692 ||| FLEEEEING.
  6693 | D:7      | 6693 ||| FLEEEEING.
  6694 | D:7      | 6694 ||| FLEEEEING.
  6695 | D:7      | 6695 ||| FLEEEEING.
  6696 | D:7      | 6696 ||| FLEEEEING.
  6697 | D:7      | 6697 ||| FLEEEEING.
  6698 | D:7      | 6698 ||| FLEEEEING.
  6699 | D:7      | 6699 ||| FLEEEEING.
  6700 | D:7      | 6700 ||| FLEEEEING.
  6702 | D:7      | 6702 ||| FLEEEEING.
  6703 | D:7      | 6703 ||| FLEEEEING.
  6704 | D:7      | 6704 ||| FLEEEEING.
  6705 | D:7      | 6705 ||| FLEEEEING.
  6706 | D:7      | 6706 ||| FLEEEEING.
  6707 | D:7      | 6707 ||| FLEEEEING.
  6708 | D:7      | 6708 ||| FLEEEEING.
  6709 | D:7      | 6709 ||| FLEEEEING.
  6710 | D:7      | 6710 ||| FLEEEEING.
  6711 | D:7      | 6711 ||| FLEEEEING.
  6712 | D:7      | 6712 ||| FLEEEEING.
  6713 | D:7      | 6713 ||| FLEEEEING.
  6714 | D:7      | 6714 ||| STAIRDANCE
  6778 | D:7      | 6778 ||| FLEEEEING.
  6779 | D:7      | 6779 ||| FLEEEEING.
  6780 | D:7      | 6780 ||| FLEEEEING.
  6781 | D:7      | 6781 ||| FLEEEEING.
  6782 | D:7      | 6782 ||| FLEEEEING.
  6783 | D:7      | 6783 ||| FLEEEEING.
  6784 | D:7      | 6784 ||| FLEEEEING.
  6786 | D:7      | 6786 ||| FLEEEEING.
  6787 | D:7      | 6787 ||| STAIRDANCE
  6882 | D:7      | 6882 ||| Stepping ~*~*~tactically~*~*~ (hiding).
  6900 | D:7      | Reached skill level 10 in Axes
  6912 | D:7      | Found a transporter.
  6928 | D:7      | Reached * piety under Okawaru
  6943 | D:7      | 6943 ||| Stepping ~*~*~tactically~*~*~ (stealth).
  6954 | D:7      | 6954 ||| INVOKING Heroism.
  6956 | D:7      | Reached skill level 1 in Invocations
  7068 | D:7      | 7068 ||| Stepping ~*~*~tactically~*~*~ (hiding).
  7072 | D:7      | 7072 ||| INVOKING Heroism.
  7081 | D:7      | Reached XP level 10. HP: 60/63 MP: 8/11
  7107 | D:7      | Noticed Prince Ribbit
  7120 | D:7      | Killed Prince Ribbit
  7284 | D:7      | Found a transporter.
  7284 | D:7      | Noticed a cyclops
  7321 | D:7      | 7321 ||| READING scroll of brand weapon.
  7321 | D:7      | 7321 ||| BRANDING +4 war axe of draining.
  7460 | D:7      | 7460 ||| READING scroll labelled JUEM RUTAQEV.
  7480 | D:8      | Noticed Amaemon
  7480 | D:8      | Noticed an orange demon
  7481 | D:8      | 7481 ||| INVOKING Heroism.
  7490 | D:8      | Killed an orange demon
  7491 | D:8      | Reached skill level 3 in Invocations
  7495 | D:8      | Killed Amaemon
  7495 | D:8      | Reached ** piety under Okawaru
  7594 | D:8      | 7594 ||| DROPPING +0 flail.
  7596 | D:8      | Found a transporter.
  7621 | D:8      | Found Qyqoenik's CLEARANCE SALE!.
  7628 | D:8      | 7628 ||| BUYING potion of heal wounds (25 gold).
  7628 | D:8      | Bought a potion of heal wounds for 25 gold pieces
  7671 | D:8      | Found a basalt altar of Yredelemnul.
  7721 | D:8      | 7721 ||| READING scroll of enchant weapon.
  7721 | D:8      | 7721 ||| ENCHANTING +4 war axe of electrocution.
  7727 | D:8      | Found a sacrificial altar of Ru.
  7728 | D:8      | 7728 ||| Stepping ~*~*~tactically~*~*~ (stealth).
  7738 | D:8      | 7738 ||| Stepping ~*~*~tactically~*~*~ (stealth).
  7742 | D:8      | 7742 ||| Stepping ~*~*~tactically~*~*~ (stealth).
  7744 | D:8      | 7744 ||| Stepping ~*~*~tactically~*~*~ (stealth).
  7745 | D:8      | 7745 ||| Stepping ~*~*~tactically~*~*~ (stealth).
  7853 | D:8      | Found a staircase to the Lair.
  7934 | D:8      | Found a transporter.
  7967 | D:8      | Found a shimmering blue altar of Sif Muna.
  8037 | D:8      | Found a sparkling altar of Nemelex Xobeh.
  8084 | D:8      | 8084 ||| PLANNING LAIR
  8084 | D:8      | 8084 ||| READING scroll labelled ITHRIM CUAJ.
  8084 | D:8      | Identified a scroll of acquirement
  8084 | D:8      | 8084 ||| ACQUIRING 725 gold pieces
  8084 | D:8      | Acquired 725 gold pieces
  8129 | Lair:1   | Entered Level 1 of the Lair of Beasts
  8161 | Lair:1   | Noticed a cane toad
  8162 | Lair:1   | 8162 ||| Stepping ~*~*~tactically~*~*~ (stealth).
  8165 | Lair:1   | 8165 ||| Stepping ~*~*~tactically~*~*~ (stealth).
  8166 | Lair:1   | 8166 ||| Stepping ~*~*~tactically~*~*~ (stealth).
  8168 | Lair:1   | 8168 ||| INVOKING Heroism.
  8179 | Lair:1   | Killed a cane toad
  8253 | Lair:1   | 8253 ||| Stepping ~*~*~tactically~*~*~ (stealth).
  8419 | Lair:1   | Noticed a black mamba
  8419 | Lair:1   | Noticed a cane toad
  8420 | Lair:1   | 8420 ||| INVOKING Heroism.
  8426 | Lair:1   | Killed a black mamba
  8426 | Lair:1   | Reached *** piety under Okawaru
  8427 | Lair:1   | Killed a cane toad
  8590 | Lair:1   | Found a glowing silver altar of Zin.
  8590 | Lair:1   | Noticed an oklob plant
  8591 | Lair:1   | 8591 ||| INVOKING Heroism.
  8597 | Lair:1   | Killed from afar by an oklob plant

Levels and vault maps discovered:
D:1:      lightli_arrival_noodles, layout_loops_ring, minmay_door_square,
          roderic_serpentine_path, minmay_misc_feat_plants,
          kennysheep_another_room
D:2:      layout_loops_cross, shapermc_ecumenical_altar_totnotflames,
          chequers_serial_rivers_room_b, uniq_jessica
D:3:      layout_basic, uniq_grinder, uniq_pargi, uniq_terence
D:4:      layout_gridville
D:5:      minmay_chambers_of_threes, layout_rooms, uniq_blork_the_orc
D:6:      layout_layer_cave, grunt_temple_overflow_champion_of_chaos,
          vehumet_altar_wand_db, temple_hall, serial_shops,
          nicolae_shop_crystal, nicolae_shop_advertising_works
          [nicolae_subvault_shop_adworks], lightli_minifort
D:7:      gammafunk_the_bubble [the_bubble_gammafunk_plus_minus], layout_basic,
          mainiacjoe_overflow_cross_hatched, minivault_5, uniq_prince_ribbit1
D:8:      gammafunk_steamed_eel, layout_rooms,
          nemelex_xobeh_ov_fountains_minmay, kennysheep_mini,
          nicolae_ru_great_annihilating_truth, general_overflow_altar,
          lair_entry_dummy, nicolae_shop_clearance, uniq_amaemon
Temple:   nicolae_temple_x_marks_the_god
Lair:1:   layout_regular_city, lemuel_oklob_altar

Skill      XL: |  1  2  3  4  5  6  7  8  9 10 |
---------------+-------------------------------+-----
Axes           | 2 3 4 5 6 7 8 10 | 10.9
Fighting       | 4 5 6 7 8 |  8.1
Dodging        | 1 |  1.7
Armour         | 4 6 7 |  7.3
Shields        | 4 5 |  5.0
Throwing       | 1 |  1.1
Invocations    | 1 4 |  4.4

Action                   |  1- 3 |  4- 6 |  7- 9 | 10-12 || total
-------------------------+-------+-------+-------+-------++-------
Melee: War axe           |   114 |   109 |   252 |    62 ||   537
Throw: Boomerang         |       |       |    11 |    23 ||    34
Invok: Heroism           |       |       |     2 |     4 ||     6
  Use: Scroll            |     8 |     4 |    13 |     4 ||    29
       Potion            |     1 |       |     5 |       ||     6
 Stab: Invisible         |       |       |       |     1 ||     1
       Paralysed         |       |       |       |     1 ||     1
Armor: Scale mail        |    63 |    65 |       |       ||   128
       Plate armour      |       |       |   166 |    32 ||   198
Dodge: Dodged            |    58 |    52 |    63 |    18 ||   191
Block: Buckler           |    29 |    12 |    37 |    15 ||    93

Table legend:
 A = Non-vault XP
 B = Vault XP
 C = Vault XP percentage of total XP
 D = Non-vault monster count
 E = Vault monster count
 F = Vault count percentage of total count
                 A         B        C        D         E       F
            +---------+---------+-------+---------+---------+-------
      Total |    5489 |    3117 |  36.2 |     193 |      29 |  13.1
            +---------+---------+-------+---------+---------+-------
        D:1 |      64 |       0 |   0.0 |      36 |       0 |   0.0
        D:2 |      81 |      37 |  31.4 |      24 |       1 |   4.0
        D:3 |     148 |     441 |  74.9 |      22 |       3 |  12.0
        D:4 |     544 |       0 |   0.0 |      30 |       0 |   0.0
        D:5 |     567 |     890 |  61.1 |      12 |      13 |  52.0
        D:6 |     871 |     225 |  20.5 |      25 |       5 |  16.7
        D:7 |     870 |     264 |  23.3 |      29 |       1 |   3.3
        D:8 |     183 |    1260 |  87.3 |       5 |       6 |  54.5
     Lair:1 |    2161 |       0 |   0.0 |      10 |       0 |   0.0
            +---------+---------+-------+---------+---------+-------
